 Dungeon Crawl Stone Soup version 0.29.0-11-gd7f09526c8 (webtiles) character file.

Game seed: 5641648332243482147

85 VictoriousLee the Cudgeller (level 4, -8/35 HPs)
             Began as a Demonspawn Abyssal Knight on Sept 4, 2022.
             Was a Priest of Lugonu.
             Mangled by an iguana (9 damage)
             ... on level 3 of the Dungeon.
             The game lasted 00:10:58 (2738 turns).

VictoriousLee the Cudgeller (DsAK)                  Turns: 2738, Time: 00:10:58

Health: -8/35      AC:  7    Str: 16    XL:     4   Next: 25%
Magic:  6/6        EV: 10    Int: 11    God:    Lugonu [***...]
Gold:   137        SH:  0    Dex: 15    Spells: 3/3 levels left

rFire   . . .      SeeInvis .   a - +1 mace
rCold   . . .      Faith    .   (no shield)
rNeg    . . .      Spirit   .   e - +0 ring mail
rPois   .          Reflect  .   (no helmet)
rElec   .          Harm     .   r - +0 cloak
rCorr   .          Rampage  .   (no gloves)
Will    .....                   h - +0 pair of boots
Stlth   ++........              (no amulet)
HPRegen 0.11/turn               (no ring)
MPRegen 0.10/turn               (no ring)

@: no status effects
A: thin skeletal structure 1, ignite blood 1
a: Renounce Religion, Depart the Abyss, Bend Space, Banish


You were on level 3 of the Dungeon.
You worshipped Lugonu.
Lugonu was most pleased with you.
You visited 1 branch of the dungeon, and saw 3 of its levels.
You visited the Abyss 1 time.

You collected 137 gold pieces.

Inventory:

Hand Weapons
 a - a +1 mace (weapon)
 o - a +0 war axe
 s - a +2 quarterstaff of chaos
 u - a +0 hammer
Missiles
 j - 8 poisoned darts
 t - a throwing net
Armour
 b - a +0 leather armour
 e - a +0 ring mail (worn)
 h - a +0 pair of boots (worn)
 r - a +0 cloak (worn)
Magical Staves
 l - a staff of death
Wands
 p - a wand of polymorph (2)
Scrolls
 f - a scroll of identify
 g - 2 scrolls of immolation {unknown}
 i - a scroll of vulnerability {unknown}
 m - a scroll of noise {unknown}
 n - 2 scrolls of fear {unknown}
Potions
 c - 2 potions of lignification
 d - 3 potions of curing
 k - a potion of cancellation
 q - a potion of ambrosia {unknown}


   Skills:
 - Level 3.0 Fighting
 + Level 3.9 Maces & Flails
 - Level 1.7 Armour
 - Level 0.8 Dodging
 * Level 3.1 Invocations


You had 3 spell levels left.
You didn't know any spells.
Your spell library contained the following spells:

 Spells                   Type           Power      Damage    Failure   Level
 Blink                    Tloc           0%         N/A       69%         2
 Lesser Beckoning         Tloc           0%         N/A       89%         3
 Animate Dead             Necr           0%         N/A       100%        4
 Manifold Assault         Tloc           0%         N/A       100%        5
 Haunt                    Necr/Summ      0%         N/A       100%        7
 Infestation              Necr           0%         N/A       100%        8


Dungeon Overview and Level Annotations

Branches:
Dungeon (3/15)

Altars:

Annotations:
D:3 exclusion: centaur


Innate Abilities, Weirdness & Mutations

You have a somewhat thin skeletal structure. (Dex +2, Stealth+)
Your demonic aura sometimes causes spilled blood to erupt in flames.


Message History

You kill the giant cockroach!
Lugonu accepts your kill.
No target in view!
You now have 137 gold pieces (gained 18).
There is an open door here.
An iguana comes into view.
The iguana hisses angrily.
You closely miss the iguana. The iguana bites you.
You hit the iguana.
The iguana is lightly wounded.
The iguana bites you.
You barely miss the iguana.
The iguana is lightly wounded.
The iguana completely misses you.
You hit the iguana but do no damage.
The iguana is lightly wounded.
The iguana bites you. x2
You hit the iguana but do no damage.
The iguana is lightly wounded.
The iguana bites you!
You closely miss the iguana.
The iguana is lightly wounded.
The iguana barely misses you.
You hit the iguana.
The iguana is lightly wounded.
The iguana bites you.
You hit the iguana.
The iguana is heavily wounded.
The iguana bites you but does no damage.
You hit the iguana but do no damage.
The iguana is heavily wounded.
The iguana closely misses you. x2
You hit the iguana.
The iguana is almost dead.
The iguana bites you!
* * * LOW HITPOINT WARNING * * *
Press: ? - help, Shift-Dir - straight line, f - iguana
Aim: an iguana (almost dead, chance to affect: 86%)
You fail to use your ability.
The iguana bites you!
You die...

.# ####.### #...... #
####### #>.#.# .# ......#
#....##.##### ######......#
#...........# #............
............# #l####.......
............# #@# .......
............####.####.......
............#.......#.......
....#.......#.##.##.###.#...
............#.#...#.###.##..
....#.........).......... ..
#.......#####.#...#.##
#.###....####.#.###.#
#..##.........#..<# . ..


You could see an iguana.

Vanquished Creatures
  Crazy Yiuf (D:3)
  A worm (D:2)
  A dart slug (D:1)
  An orc (D:3)
  6 ball pythons
  2 endoplasms
  3 giant cockroaches
  5 goblins
  4 hobgoblins
  8 jackals
  3 kobolds
  3 quokkas
  4 bats
  4 frilled lizards
  3 rats (D:1)
49 creatures vanquished.

Notes
Turn   | Place    | Note
-------+----------+-------------------------------------------
     0 | Abyss:1  | VictoriousLee the Demonspawn Abyssal Knight began the quest
                  | for the Orb.
     0 | Abyss:1  | Reached XP level 1. HP: 18/18 MP: 2/2
     1 | D:1      | Escaped the Abyss
    17 | D:1      | Found a faded altar of an unknown god.
   396 | D:1      | Gained mutation: You have a somewhat thin skeletal
                  | structure. (Dex +2, Stealth+) [demonic ancestry]
   396 | D:1      | Reached XP level 2. HP: 21/24 MP: 3/3
   787 | D:1      | Reached *** piety under Lugonu
  1111 | D:2      | Gained mutation: Your demonic aura sometimes causes spilled
                  | blood to erupt in flames. [demonic ancestry]
  1111 | D:2      | Reached XP level 3. HP: 27/29 MP: 4/4
  2237 | D:3      | Noticed a centaur
  2315 | D:3      | Found a runed translucent door.
  2316 | D:3      | Noticed Crazy Yiuf
  2521 | D:3      | Killed Crazy Yiuf
  2522 | D:3      | Reached XP level 4. HP: 35/35 MP: 4/6
  2737 | D:3      | HP: 1/35 [iguana (11)]
  2738 | D:3      | Mangled by an iguana

Illustrated notes

Levels and vault maps discovered:
D:1:      scummos_arrival_forest, layout_rooms, shapermc_ecumenical_altar_gd
D:2:      layout_loops_ring
D:3:      layout_basic, minmay_misc_feat_hallway, uniq_crazy_yiuf_cottage

Skill      XL: |  1  2  3 |
---------------+----------+-----
Maces & Flails | 2 3 |  3.9
Invocations    | 3 |  3.1
Fighting       | |  3.0
Armour         | |  1.7
Dodging        | |  0.8

Action                   |  1- 3 |  4- 6 || total
-------------------------+-------+-------++-------
Melee: Mace              |   147 |    12 ||   159
       Punch             |     1 |       ||     1
Throw: Dart              |    14 |       ||    14
       Throwing net      |     1 |       ||     1
  Use: Scroll            |       |     3 ||     3
 Stab: Sleeping          |     4 |     1 ||     5
Armor: Leather armour    |    13 |       ||    13
       Ring mail         |    47 |     1 ||    48
Dodge: Dodged            |    97 |     5 ||   102
